Map: Proxima Station LE

Players

BLY - Winner!

  • Race: Zerg Zerg
  • Spawn Location: 1:00

LiquidSnute (Snute)

  • Race: Zerg Zerg
  • Spawn Location: 7:00

Event: IEM XI Katowice - World Championship 2017

VOD

Have the link to the VOD?

Description

Time

  • Played on: Feb. 27, 2017, 8:09 a.m.
  • Length: 15:46

All games in this series

Show
View Real Time Build Order
Export as new Build Order

BLY Zerg - Winner!

Build Orders: Hatch First 

Get SALT Encoding   

  12  0:01  Drone  
  13  0:12  Overlord  
  13  0:18  Drone  
  14  0:30  Drone x2  
  14  0:34  Drone  
  17  0:52  Hatchery  
  17  0:56  Drone  
  17  0:59  Drone  
  17  1:01  Extractor  
  17  1:15  Spawning Pool  
  16  1:21  Drone  
  16  1:22  Drone  
  18  1:27  Drone  
  19  1:39  Overlord  
  19  1:50  Drone  
  20  2:02  Queen  
  20  2:03  Zergling x2  
  20  2:04  Queen  
  20  2:06  Zergling x2  
  26  2:19  Drone x2  
  28  2:35  Drone  
  28  2:36  Drone  
  30  2:38  Queen  
  32  2:48  Evolution Chamber  
  32  2:50  Roach Warren  
  30  2:52  Overlord  
  30  3:00  Queen  
  30  3:02  Evolution Chamber  
  29  3:08  Drone x2  
  29  3:09  Zergling x4  
  33  3:18  Drone x3  
  33  3:19  Drone  
  37  3:29  Drone x2  
  37  3:30  Drone x3  
  37  3:33  Zerg Missile Weapons Level 1  
  42  3:49  Hatchery  
  42  3:50  Drone  
  42  3:51  Drone  
  43  3:57  Extractor  
  43  4:01  Lair  
  42  4:03  Extractor, Drone x2  
  42  4:08  Drone  
  44  4:11  Overlord  
  44  4:17  Overlord  
  44  4:19  Overlord  
  44  4:29  Drone x3  
  44  4:30  Drone  
  44  4:31  Drone x3  
  50  4:35  Drone  
  50  4:36  Overlord  
  52  4:44  Roach x3  
  55  5:01  Glial Reconstitution, Drone x2  
  55  5:02  Drone  
  55  5:05  Overlord  
  58  5:07  Drone x4  
  58  5:13  Drone x3  
  65  5:19  Extractor  
  64  5:26  Drone x5  
  69  5:30  Spire  
  69  5:33  Roach  
  69  5:34  Roach  
  72  5:38  Roach x2  
  72  5:40  Overseer  
  76  5:43  Drone  
  76  5:44  Zerg Missile Weapons Level 2, Drone  
  76  5:49  Overlord  
  78  5:58  Roach  
  78  5:59  Roach x4  
  78  6:01  Overlord  
  88  6:04  Roach  
  88  6:11  Overlord x2  
  90  6:14  Roach x3  
  96  6:22  Roach x5  
  106  6:29  Overseer  
  106  6:31  Overlord  
  106  6:36  Ravager x2  
  106  6:37  Ravager  
  109  6:40  Extractor  
  109  6:42  Extractor  
  109  6:44  Hatchery  
  106  6:58  Roach x7  
  106  6:59  Overlord  
  120  7:03  Ravager  
  117  7:11  Roach x4  
  116  7:16  Roach x3  
  116  7:19  Roach  
  116  7:20  Roach x4  
  116  7:21  Drone x3  
  116  7:22  Drone x2  
  126  7:23  Drone  
  117  7:34  Roach x4  
  111  7:46  Roach x6  
  119  7:52  Roach  
  119  7:53  Roach x4  
  119  7:57  Roach  
  131  8:02  Roach x2  
  131  8:05  Roach  
  133  8:10  Roach x2  
  125  8:13  Roach  
  125  8:19  Overseer  
  123  8:23  Roach x6  
  123  8:25  Ravager  
  136  8:33  Overlord x2  
  128  8:50  Roach x5  
  132  8:57  Roach x9  
  139  9:11  Roach x6  
  143  9:19  Roach x5  
  143  9:27  Tunneling Claws  
  143  9:29  Burrow  
  139  9:32  Roach x6  
  149  9:39  Ravager  
  149  9:43  Roach  
  149  9:44  Overlord x2  
  152  9:51  Roach x5  
  150  9:56  Roach  
  128  10:00  Roach x3  
  128  10:01  Roach x5  
  142  10:13  Ravager x2  
  142  10:14  Ravager x2  
  146  10:16  Ravager  
  146  10:18  Spine Crawler, Drone x2  
  146  10:20  Spine Crawler  
  146  10:24  Roach  
  146  10:25  Roach x5  
  158  10:28  Drone  
  158  10:33  Roach  
  158  10:34  Roach x2  
  165  10:42  Roach  
  167  10:49  Roach  
  156  10:50  Roach x3  
  156  10:55  Roach  
  156  10:56  Roach x3  
  138  10:58  Roach x2  
  138  10:59  Roach x2  
  138  11:03  Roach x11  
  138  11:04  Roach x5  
  146  11:07  Roach x4  
  154  11:17  Roach x26  
  156  11:18  Roach x5  
  156  11:19  Roach  
  166  11:26  Roach  
  166  11:27  Overlord x3  
  168  11:33  Overlord  
  168  11:45  Overlord  
  168  11:47  Roach x8  
  178  11:52  Zerg Ground Armor Level 1  
  184  11:56  Roach x3  
  184  12:10  Roach x7  
  194  12:19  Roach x6  
  172  12:28  Roach  
  172  12:29  Roach x3  
  154  12:35  Roach x5  
  164  12:45  Roach x5  
  164  12:50  Extractor  
  167  12:58  Ravager  
  167  12:59  Ravager x6  
  167  13:00  Roach x4  
  182  13:12  Ravager x2  
  184  13:13  Roach  
  184  13:16  Overseer  
  184  13:20  Hatchery  
  184  13:21  Roach  
  184  13:22  Roach x4  
  193  13:27  Extractor  
  193  13:29  Ravager  
  193  13:31  Overseer  
  193  13:33  Ravager  
  193  13:38  Drone  
  193  13:39  Drone x2  
  194  14:14  Roach  
  194  14:15  Roach  
  190  14:23  Roach x7  
  200  14:24  Roach x3  
  169  14:45  Roach  
  169  14:46  Roach x7  
  169  14:52  Roach x5  
  167  14:53  Roach x7  
  167  14:55  Roach x3  
  132  15:08  Roach  
  132  15:09  Roach x13  
  132  15:13  Roach x2  
  132  15:14  Roach x9  
  168  15:25  Roach  
  168  15:26  Roach x6  
  176  15:42  Extractor  
  187  15:43  Extractor  
Show
View Real Time Build Order
Export as new Build Order

LiquidSnute Zerg 

Build Orders: Pool First 

Get SALT Encoding   

  12  0:00  Drone  
  13  0:12  Overlord  
  13  0:17  Drone  
  14  0:30  Drone x2  
  14  0:34  Drone  
  17  0:41  Extractor  
  16  0:45  Drone  
  16  0:49  Spawning Pool  
  16  0:55  Drone  
  17  1:06  Drone  
  18  1:20  Hatchery  
  18  1:24  Drone  
  18  1:36  Queen  
  20  1:41  Metabolic Boost  
  20  1:45  Zergling x2  
  21  1:52  Overlord  
  21  1:55  Drone  
  22  2:03  Baneling Nest  
  22  2:05  Zergling x2  
  22  2:15  Queen  
  24  2:23  Zergling x2  
  24  2:24  Zergling x2  
  26  2:32  Zergling x4  
  28  2:46  Baneling x2  
  28  2:48  Drone x3  
  28  2:49  Overlord  
  31  2:54  Drone  
  32  3:02  Drone  
  33  3:07  Drone  
  33  3:10  Zergling x2  
  35  3:16  Drone  
  36  3:25  Hatchery  
  35  3:28  Drone x2  
  35  3:32  Drone  
  35  3:33  Drone  
  35  3:34  Drone  
  40  3:41  Overlord  
  40  3:44  Evolution Chamber, Drone  
  40  3:47  Drone  
  41  3:50  Drone  
  41  3:51  Drone  
  41  3:54  Overlord  
  43  4:01  Drone  
  44  4:03  Drone  
  45  4:10  Zerg Ground Armor Level 1  
  45  4:13  Drone  
  45  4:14  Drone x3  
  45  4:15  Drone  
  50  4:23  Drone x4  
  54  4:30  Overlord  
  54  4:34  Drone  
  54  4:38  Queen, Drone x2  
  59  4:46  Drone  
  59  4:51  Overlord  
  59  4:52  Drone x3  
  62  4:53  Drone  
  62  4:54  Drone x2  
  62  4:55  Drone  
  62  4:58  Drone x2  
  66  5:00  Drone  
  66  5:01  Extractor  
  66  5:02  Lair  
  65  5:10  Drone x2  
  65  5:11  Drone  
  68  5:15  Roach Warren, Extractor  
  68  5:17  Extractor  
  68  5:19  Drone  
  68  5:20  Drone  
  68  5:21  Drone x3  
  68  5:22  Drone  
  68  5:26  Extractor  
  70  5:31  Drone  
  70  5:32  Drone  
  70  5:33  Overlord, Extractor  
  71  5:37  Overlord  
  71  5:40  Overlord  
  71  5:45  Overlord x2  
  71  5:48  Overlord  
  71  5:56  Drone x3  
  72  6:01  Infestation Pit  
  72  6:02  Glial Reconstitution, Drone x5  
  76  6:07  Zerg Missile Weapons Level 1, Roach  
  76  6:08  Roach x3  
  76  6:09  Hatchery, Unknown  
  83  6:12  Roach  
  83  6:14  Roach  
  83  6:17  Queen  
  89  6:20  Roach x3  
  89  6:21  Roach x3  
  89  6:24  Overlord  
  89  6:25  Overlord  
  101  6:31  Roach x3  
  101  6:32  Roach  
  109  6:39  Infestor x2  
  113  6:41  Roach  
  113  6:45  Unknown, Roach x2  
  119  6:51  Roach  
  121  7:00  Roach x3  
  127  7:06  Roach x2  
  127  7:07  Roach x6  
  136  7:13  Roach  
  136  7:14  Roach x2  
  130  7:19  Roach x2  
  130  7:21  Roach  
  130  7:22  Roach  
  125  7:25  Ravager x2  
  125  7:28  Roach x2  
  127  7:30  Drone x3  
  127  7:31  Drone x2  
  127  7:35  Drone x2  
  127  7:36  Drone  
  135  7:41  Drone x3  
  135  7:42  Drone x2  
  137  7:45  Roach  
  137  7:46  Roach  
  138  7:52  Queen  
  138  7:54  Drone x3  
  138  7:56  Drone  
  140  8:03  Roach  
  140  8:04  Roach x2  
  140  8:05  Zerg Missile Weapons Level 2  
  136  8:12  Roach x4  
  126  8:14  Roach  
  126  8:17  Roach  
  122  8:21  Roach x3  
  122  8:22  Ravager  
  122  8:24  Roach x2  
  122  8:26  Roach  
  133  8:27  Ravager x2  
  133  8:28  Roach  
  133  8:31  Extractor  
  136  8:34  Overseer  
  136  8:36  Roach x4  
  140  8:45  Roach x3  
  136  8:54  Roach x6  
  133  8:59  Roach x4  
  133  9:01  Roach  
  133  9:02  Roach x2  
  130  9:07  Roach  
  130  9:08  Roach x3  
  130  9:09  Ravager  
  135  9:10  Ravager  
  135  9:14  Extractor  
  135  9:15  Roach x5  
  130  9:18  Queen x2, Roach  
  130  9:21  Roach  
  130  9:23  Roach x2  
  130  9:24  Roach  
  127  9:35  Roach  
  127  9:36  Roach x2  
  133  9:39  Ravager  
  133  9:43  Ravager  
  135  9:46  Roach  
  135  9:47  Roach x2  
  135  9:51  Roach  
  134  9:54  Roach x2  
  134  9:57  Roach  
  136  10:00  Roach x2  
  136  10:08  Roach  
  136  10:09  Overlord x2  
  138  10:25  Overlord x3  
  138  10:29  Roach  
  138  10:30  Roach x5  
  138  10:32  Ravager  
  138  10:33  Hatchery  
  138  10:34  Ravager  
  138  10:35  Pathogen Glands  
  151  10:41  Roach  
  132  10:56  Roach x10  
  125  11:02  Roach x4  
  113  11:13  Roach x3  
  113  11:14  Ravager  
  113  11:16  Ravager  
  113  11:17  Ravager  
  122  11:19  Hatchery, Roach x2  
  122  11:20  Unknown  
  122  11:24  Roach  
  122  11:25  Roach x2  
  131  11:29  Infestor  
  131  11:31  Infestor  
  135  11:34  Roach x2  
  135  11:37  Spine Crawler x2  
  135  11:38  Roach x2  
  141  11:46  Unknown, Roach  
  141  11:47  Unknown, Roach x3  
  147  11:51  Roach  
  151  12:07  Roach x7  
  140  12:25  Roach x7  
  140  12:26  Roach  
  140  12:29  Roach x2  
  149  12:32  Ravager  
  149  12:33  Ravager  
  151  12:38  Pneumatized Carapace  
  151  12:44  Roach x4  
  147  12:47  Extractor  
  152  12:53  Infestor x2  
  156  13:05  Overseer  
  156  13:12  Roach x6  
  168  13:15  Ravager  
  168  13:16  Ravager  
  168  13:19  Roach  
  172  13:29  Unknown  
  172  13:40  Roach x3  
  178  13:41  Unknown  
  178  13:48  Hatchery  
  177  13:52  Overlord x2  
  177  13:53  Ravager  
  178  14:01  Overlord x2  
  174  14:12  Roach x4  
  177  14:17  Roach  
  177  14:21  Ravager x3  
  138  14:48  Roach x6  
  138  14:49  Roach  
  90  15:02  Roach  
  90  15:03  Roach  
  78  15:08  Roach  
  78  15:11  Roach  
  76  15:22  Roach  
  76  15:26  Ravager  
  76  15:27  Roach, Ravager  
  80  15:29  Ravager x2  
  81  15:39  Ravager  

Tags
 
Add a new tag
Caveats
  • Supply blocks, unpowered buildings, or Contaminate may cause inaccurate times.
  • Supply counts are checked every 10 seconds.